 Dungeon Crawl Stone Soup version 0.29-a0-834-g1e95ca9f62 (webtiles) character file.

Game seed: 6047130772580025789

4887 kevlar127 the Grappler (level 10, -12/159 HPs)
             Began as a Troll Berserker on July 12, 2022.
             Was an Elder of Trog.
             Mangled by a boulder beetle (23 damage)
             ... on level 7 of the Dungeon on July 13, 2022.
             The game lasted 00:15:09 (7237 turns).

kevlar127 the Grappler (Troll Berserker)            Turns: 7237, Time: 00:15:10

Health: -12/159    AC:  9    Str: 31    XL:     10   Next: 26%
Magic:  9/9        EV: 14    Int:  3    God:    Trog [****..]
Gold:   81         SH:  0    Dex: 15    Spells: 9/9 levels left

rFire   . . .      SeeInvis .     - Unarmed
rCold   . . .      Faith    .   (no shield)
rNeg    . . .      Spirit   .   I - +0 acid dragon scales
rPois   .          Reflect  .   (helmet restricted)
rElec   .          Harm     .   E - +0 cloak
rCorr   +          Rampage  .   (gloves unavailable)
Will    .....                   (boots unavailable)
Stlth   ..........              (no amulet)
HPRegen 1.16/turn               A - +4 ring of evasion
MPRegen 0.11/turn               t - +6 ring of dexterity

@: berserking, very quick
A: large, unfitting armour, claws 3, regeneration 1, shaggy fur 1, tough skin 1
a: Renounce Religion, Berserk, Trog's Hand, Brothers in Arms


You were on level 7 of the Dungeon.
You worshipped Trog.
Trog was greatly pleased with you.
You visited 1 branch of the dungeon, and saw 7 of its levels.
You also visited: Sewer.

You collected 386 gold pieces.
You spent 305 gold pieces at shops.

Inventory:

Missiles
 a - 7 poisoned darts
 g - 88 stones
 x - 2 boomerangs (quivered)
 C - 2 throwing nets
 D - 2 atropa-tipped darts
Armour
 E - a +0 cloak (worn)
 I - +0 acid dragon scales (worn)
Jewellery
 h - an amulet of magic regeneration
 s - a ring of positive energy
 t - a +6 ring of dexterity (right claw)
 v - a ring of resist corrosion
 A - a +4 ring of evasion (left claw)
 H - a +6 ring of intelligence
Wands
 o - a wand of charming (8)
Scrolls
 d - 5 scrolls of identify {unknown}
 i - 6 scrolls of teleportation {unknown}
 m - 4 scrolls of vulnerability {unknown}
 p - a scroll of magic mapping {unknown}
 q - 2 scrolls of immolation {unknown}
 r - a scroll of fog {unknown}
 w - a scroll of enchant armour {unknown}
 y - a scroll of blinking {unknown}
 z - 2 scrolls of fear {unknown}
Potions
 b - 4 potions of haste
 c - 3 potions of might {unknown}
 e - 3 potions of heal wounds
 f - 4 potions of flight
 j - 4 potions of degeneration
 k - a potion of ambrosia {unknown}
 l - 2 potions of mutation {unknown}
 n - 2 potions of berserk rage
 u - a potion of attraction {unknown}
 B - a potion of brilliance {unknown}
 F - a potion of resistance {unknown}
 G - 3 potions of curing


   Skills:
 + Level 8.4 Fighting
 - Level 6.0 Throwing
 - Level 2.5 Dodging
 + Level 10.2 Unarmed Combat


You had 9 spell levels left.
You didn't know any spells.
Your spell library was empty.

Dungeon Overview and Level Annotations

Branches:
Dungeon (7/15)             Temple (0/1) D:5           Sewer (visited)

Altars:
Trog

Shops:
D:2 [   D:4 =   D:6 (*!!


Innate Abilities, Weirdness & Mutations

You are too large for most types of armour.
You have claws for hands.
Your natural rate of healing is unusually fast.
You are covered in fur. (AC +1)
You have tough skin. (AC +1)


Message History

The killer bee buzzes angrily.
You claw the cyclops!
The cyclops is almost dead.
The kobold demonologist hits you but does no damage.
The boulder beetle hits you!!!
* * * LOW HITPOINT WARNING * * *
The boulder beetle stops rolling and uncurls.
A red film seems to cover your vision as you go berserk!
You feel yourself moving faster!
You feel mighty!
The kobold demonologist mumbles some strange words.
The cyclops closely misses you.
The boulder beetle bites you but does no damage.
Unknown command.
You mangle the cyclops!!
You kill the cyclops!
Trog accepts your kill.
The centaur wields a +0 shortbow.
The centaur shoots an arrow.
The arrow barely misses you.
Something unseen opens the door.
The kobold demonologist hits you from afar with the +10 trident of the Six Dreams {vorpal, Int+4}!
* * * LOW HITPOINT WARNING * * *
x2 An orc warrior comes into view. It is wielding a +0 halberd.
The orc warrior shouts!
The centaur unwields a +0 shortbow.
The centaur barely misses you.
The centaur kicks you but does no damage.
The orange demon stings you but does no damage.
The boulder beetle bites you.
* * * LOW HITPOINT WARNING * * *
There is an open door, spattered with blood here.
Items here: ( )) †.
You claw the centaur!
The centaur is heavily wounded.
The kobold demonologist mumbles some strange words.
The centaur closely misses you. The centaur barely misses you.
You mangle the centaur!!
You feel the power of Trog in you as your rage grows.
You kill the centaur!
Trog accepts your kill.
The orange demon stings you but does no damage.
The boulder beetle bites you!!
You die...

..............#........#
.....................#.#
#+#####)#####'###...##.#
#.#.##..###.#.#.#....#.#
#.#.#.#.##.##.#.#.#....#..
+.....'.#)##+..#).+.......
#.#.#.#.###.#.#.#.#.......
#.#.##B..##.#.#)#....... #
#####@#####'###.......
#h#K####.#.#....... #.#
#4#.##..#......#


yo# #+.....+.....## #.# #..##.#.#..### #.# #.#)###.##.... #o# ###'###. ..... #.
#...#.#....... #.#...#.##.... You could see a boulder beetle, an orange demon
(summoned), a kobold demonologist, an orc warrior, a howler monkey, a killer bee
and an orc.

Vanquished Creatures
  A two-headed ogre (D:7)
  A cyclops (D:7)
  Maggie (D:6)
  A wyvern (D:7)
  Eustachio (D:6)
  An acid dragon (D:7)
  Duvessa (D:7)
  Pargi (Sewer)
  2 sky beasts
  3 black bears
  4 ice beasts
  An orc warrior (D:7)
  2 ogres
  A centaur (D:7)
  3 phantoms
  A kobold brigand (D:7)
  2 bullfrogs
  5 scorpions
  Blork the orc (D:5)
  4 wights (D:5)
  Dowan (D:7)
  A killer bee (D:7)
  A howler monkey (D:7)
  3 jellies
  2 gnoll boudas
  7 hounds
  3 orc priests
  Crazy Yiuf (D:5)
  2 iguanas
  3 orc wizards
  7 gnolls
  8 adders
  3 white imps
  4 worms
  4 dart slugs
  18 orcs
  12 ball pythons
  4 endoplasms
  3 giant cockroaches
  2 goblins (D:1)
  A hobgoblin (D:1)
  3 jackals (D:3)
  5 quokkas
  7 bats
  A frilled lizard (D:3)
  10 kobolds
  6 rats
159 creatures vanquished.

Vanquished Creatures (others)
  An orc (D:3)
  3 fungi (D:2)
  3 plants (D:2)
7 creatures vanquished.

Grand Total: 166 creatures vanquished

Notes
Turn   | Place    | Note
-------+----------+-------------------------------------------
     0 | D:1      | kevlar127 the Troll Berserker began the quest for the Orb.
     0 | D:1      | Reached XP level 1. HP: 22/22 MP: 0/0
   163 | D:1      | Reached XP level 2. HP: 29/29 MP: 1/1
   575 | D:2      | Found a faded altar of an unknown god.
   579 | D:2      | Reached ** piety under Trog
   584 | D:2      | Reached XP level 3. HP: 28/36 MP: 2/2
   699 | D:2      | Found Noihik's Armour Boutique.
   722 | D:2      | You fall into a shaft and drop 2 floors!
   730 | D:4      | Found Purchus's Jewellery Shop.
   740 | D:4      | Reached skill level 4 in Unarmed Combat
   742 | D:4      | Noticed a scorpion
   752 | D:4      | Killed a scorpion
   753 | D:4      | Reached XP level 4. HP: 23/48 MP: 3/3
  1485 | D:3      | Reached XP level 5. HP: 54/54 MP: 4/4
  1601 | D:3      | Identified the +7 hand axe of the Mystics {drain, rN+ Str-4
                  | Stlth+}
  1617 | D:3      | Found a glowing drain.
  1637 | Sewer    | Entered a sewer
  1664 | Sewer    | Noticed Pargi
  1675 | Sewer    | Killed Pargi
  1676 | Sewer    | Reached skill level 5 in Unarmed Combat
  1798 | D:3      | Reached XP level 6. HP: 62/62 MP: 5/5
  3603 | D:4      | Found a bloodstained altar of Trog.
  3618 | D:4      | Reached skill level 5 in Fighting
  3618 | D:4      | Reached skill level 6 in Unarmed Combat
  3618 | D:4      | Reached XP level 7. HP: 22/72 MP: 6/6
  4186 | D:5      | Entered Level 5 of the Dungeon
  4305 | D:5      | Reached *** piety under Trog
  4336 | D:5      | Found a staircase to the Ecumenical Temple.
  4380 | D:5      | Reached skill level 1 in Throwing
  4442 | D:5      | Reached skill level 7 in Unarmed Combat
  4442 | D:5      | Reached XP level 8. HP: 73/83 MP: 7/7
  4481 | D:5      | Noticed Blork the orc
  4494 | D:5      | Killed Blork the orc
  4821 | D:5      | Found a runed translucent door.
  4822 | D:5      | Noticed Crazy Yiuf
  5099 | D:5      | Killed Crazy Yiuf
  5270 | D:6      | Noticed Eustachio
  5281 | D:6      | Killed Eustachio
  5282 | D:6      | Reached skill level 8 in Unarmed Combat
  5584 | D:6      | Reached XP level 9. HP: 90/92 MP: 8/8
  5621 | D:6      | Found Utuydd's Weapon Shop.
  5748 | D:6      | Found Ylummisi's Distillery.
  5760 | D:6      | Found Faetoisi's Distillery.
  5783 | D:6      | Bought a potion of heal wounds for 70 gold pieces
  5783 | D:6      | Bought a potion of curing for 42 gold pieces
  5783 | D:6      | Bought a potion of haste for 140 gold pieces
  5783 | D:6      | Bought a potion of flight for 42 gold pieces
  5796 | D:6      | Bought a potion of degeneration for 11 gold pieces
  5826 | D:6      | Found Qoamponoel's General Store.
  6090 | D:6      | Noticed Maggie
  6101 | D:6      | Killed Maggie
  6255 | D:6      | Reached skill level 5 in Throwing
  6780 | D:7      | Noticed Dowan
  6784 | D:7      | Noticed Duvessa
  6787 | D:7      | Killed Dowan
  6788 | D:7      | Reached skill level 9 in Unarmed Combat
  6795 | D:7      | Killed Duvessa
  6849 | D:7      | Reached **** piety under Trog
  7218 | D:7      | Noticed a two-headed ogre
  7218 | D:7      | Noticed a cyclops
  7219 | D:7      | Noticed a boulder beetle
  7225 | D:7      | Killed a two-headed ogre
  7226 | D:7      | Reached skill level 10 in Unarmed Combat
  7226 | D:7      | Reached XP level 10. HP: 97/104 MP: 9/9
  7227 | D:7      | Identified the +10 trident of the Six Dreams {vorpal,
                  | Int+4}
  7234 | D:7      | Noticed an orange demon
  7234 | D:7      | Killed a cyclops
  7237 | D:7      | Mangled by a boulder beetle

Illustrated notes

Levels and vault maps discovered:
D:1:      evilmike_arrival_home_sweet_home, layout_rooms
D:2:      layout_loops_ring, shapermc_ecumenical_altar_mp_urbaneastern,
          serial_shops, shop
D:3:      layout_basic, portal_sewer_entry_f
D:4:      layout_basic, trog_ov_bears_minmay, roderic_serpentine_path,
          minivault_19, kennysheep_big_empty_room,
          minmay_shop_enchanted_jewellery, kennysheep_pointless_box
D:5:      layout_loops_ring, minmay_temple_entry_hall, uniq_blork_the_orc,
          uniq_crazy_yiuf_cottage
D:6:      black_bear_nest_1, layout_loops_ring, serial_shops,
          nicolae_shop_stone, nicolae_shop_bloodbath_and_beyond,
          nicolae_shop_window_shopping, shop, uniq_eustachio, uniq_maggie
D:7:      minmay_the_grid_square_5x5_3x3 [minmay_the_grid_square_5x5_comb,
          minmay_the_grid_square_5x5_spiral_small,
          minmay_the_grid_square_5x5_tie,
          minmay_the_grid_square_5x5_beaten_path,
          minmay_the_grid_square_5x5_megaprize_checkered,
          minmay_the_grid_square_5x5_n_small, minmay_the_grid_square_5x5_mess,
          minmay_the_grid_square_5x5_eight,
          minmay_the_grid_square_5x5_fancy_junction], layout_cave_pools,
          wad_rectangle_vault, uniq_duvessa

Skill      XL: |  1  2  3  4  5  6  7  8  9 |
---------------+----------------------------+-----
Fighting       | 3 4 5 6 8 |  8.4
Unarmed Combat | 4 5 6 7 8 10 | 10.2
Throwing       | 2 4 6 |  6.0
Dodging        | |  2.5

Action                   |  1- 3 |  4- 6 |  7- 9 | 10-12 || total
-------------------------+-------+-------+-------+-------++-------
Melee: Unarmed           |    70 |   121 |   263 |    10 ||   464
       Punch             |     1 |     9 |     8 |       ||    18
Throw: Boomerang         |       |       |     4 |       ||     4
Invok: Berserk           |       |     1 |     2 |     1 ||     4
       Trog's Hand       |       |       |     1 |       ||     1
 Stab: Sleeping          |     1 |       |     3 |       ||     4
Armor: Animal skin       |    19 |    49 |    12 |       ||    80
       Acid dragon scale |       |       |    58 |     5 ||    63
Dodge: Dodged            |    25 |    62 |   143 |     6 ||   236

Table legend: (Time is in decaauts)
 A = Elapsed time spent in this place.
 B = Non-inter-level travel time spent in this place.
 C = Inter-level travel time spent in this place.
 D = Time resting spent in this place.
 E = Time spent auto-exploring this place.
 F = Levels seen in this place.
 G = Mean time per level.
                   A        B        C        D        E       F      G
               +--------+--------+--------+--------+--------+-----+--------+
         Total |   7206 |   6877 |    329 |   1452 |   4480 |   8 |  900.8 |
       Dungeon |   7106 |   6777 |    329 |   1452 |   4413 |   7 | 1015.1 |
         Sewer |    100 |    100 |      0 |      0 |     67 |   1 |  100.0 |
               +--------+--------+--------+--------+--------+-----+--------+

Top non-repeatable levels by time:
     D:4: 1714 daAuts
     D:6: 1423 daAuts
     D:3: 1231 daAuts
     D:5: 986 daAuts
     D:2: 722 daAuts
     D:7: 611 daAuts
     D:1: 416 daAuts
   Sewer: 100 daAuts
